 Dungeon Crawl Stone Soup version 0.32-a0-656-g3542139ebd (webtiles) character file.

Game seed: 7769782639069913681

318 seaoflcl the Covered (level 6, -6/47 HPs)
             Began as a Human Fighter on Mar 8, 2024.
             Killed by divine providence
             ... invoked by an orc priest
              (13 damage)
             ... on level 3 of the Dungeon.
             The game lasted 00:05:04 (3531 turns).

seaoflcl the Covered (Human Fighter)                Turns: 3531, Time: 00:05:04

Health: -6/47      AC: 10    Str: 19    XL:     6   Next: 45%
Magic:  7/7        EV:  8    Int:  8    God:
Gold:   112        SH:  4    Dex: 12    Spells: 6/6 levels left

rFire   . . .        c - +4 dagger (holy)
rCold   . . .        b - +0 buckler
rNeg    . . .        p - +0 chain mail
rPois   .            (no helmet)
rElec   .            g - +0 cloak
rCorr   .            (no gloves)
SInv    .            (no boots)
Will    .....        (no amulet) Stlth
                     (no ring)
HPRegen 0.27/turn    (no ring)
MPRegen 0.10/turn

%: no passive effects
@: studying Hexes
A: explore regen
a: Convert to Beogh


You were on level 3 of the Dungeon.
You visited 1 branch of the dungeon, and saw 3 of its levels.

You collected 112 gold pieces.

Inventory:

Hand Weapons
 c - a +4 dagger of holy wrath (weapon)
Missiles
 a - 8 poisoned darts (quivered)
Armour
 b - a +0 buckler (worn)
 g - a +0 cloak (worn)
 p - a +0 chain mail (worn)
Magical Staves
 k - a staff of cold
Talismans
 o - a granite talisman
Scrolls
 e - 5 scrolls of identify {unknown}
 f - a scroll of immolation {unknown}
 h - a scroll of enchant weapon {unknown}
 i - a scroll of amnesia {unknown}
 j - a scroll of torment {unknown}
 l - a scroll of poison {unknown}
 m - a scroll of teleportation {unknown}
 n - a scroll of brand weapon {unknown}


   Skills:
 + Level 3.4 Fighting
 * Level 1.0 Short Blades
 + Level 4.4 Armour
 + Level 0.9 Dodging
 + Level 3.6 Shields
 - Level 3.6 Unarmed Combat
 * Level 0.9 Spellcasting
 * Level 1.5 Hexes
 * Level 1.2 Ice Magic
 * Level 0.9 Evocations


You had 6 spell levels left.
You didn't know any spells.
Your spell library contained the following spells:

 Spells                   Type           Power      Damage    Failure   Level
 Shock                    Conj/Air       0%         1d3       99%         1
 Swiftness                Air            0%         N/A       100%        3
 Airstrike                Air            0%         2d(0-16)  100%        4


Dungeon Overview and Level Annotations

Branches:
Dungeon (3/15)

Altars:


Innate Abilities, Weirdness & Mutations

You regain HP and MP as you explore.


Message History

The adder bites you but does no damage.
You puncture the adder!
The adder is almost dead.
You block the adder's attack.
The orc priest shouts, "Beogh offers mercy even to people such as you.
Join us and be reborn!"
You puncture the adder!
You kill the adder!
You hit the orc but do no damage. The orc hits you but does no damage.
You hit the orc.
The orc is lightly wounded.
The orc hits you but does no damage.
You hit the orc but do no damage.
The orc is lightly wounded.
You hit the orc.
The orc is moderately wounded.
The orc hits you with a +0 flail.
Okay, then.
You hit the orc.
The orc is severely wounded.
The orc closely misses you. x2; The orc hits you with a +0 flail.
You closely miss the orc.
The orc is severely wounded.
The orc priest hits you with a +0 mace.
* * * LOW HITPOINT WARNING * * *
You block the orc's attack. x2; The orc hits you but does no damage.
It was a potion of magic.
Magic courses through your body. The orc priest closely misses you.
The orc barely misses you. x2
The orc closely misses you.
You hit the orc.
You kill the orc!
The orc priest barely misses you. The orc hits you with a +0 short sword.
* * * LOW HITPOINT WARNING * * *
The orc hits you with a +0 flail.
* * * LOW HITPOINT WARNING * * *
You block the orc's attack. The orc hits you but does no damage.
Things that are here:
a +0 hand axe; an orc corpse The orc priest mumbles some strange prayers to Beogh against you.
Beogh smites you!
You die...

........#.....#.#
#.#####.#.....#.#
#.#.....#.#
#.#.#..)#.#
#.#.#...#.#
#.#.#.....#
#.#.#.#)..#
#.#.#.#o#g#
#....o)@#
###.#o### .....#
.......#
.........
##.......
#.......
#........


You could see an orc priest, 2 orcs and a goblin.

Vanquished Creatures
  Sigmund (D:3)
  Terence (D:2)
  3 gnolls (D:2)
  3 adders
  6 dart slugs
  7 orcs
  3 ball pythons
  4 bats
  7 endoplasms
  6 giant cockroaches
  8 goblins
  2 hobgoblins (D:1)
  2 quokkas (D:1)
  4 frilled lizards
  6 kobolds
  4 rats
67 creatures vanquished.

Notes
Turn   | Place    | Note
-------+----------+-------------------------------------------
     0 | D:1      | seaoflcl the Human Fighter began the quest for the Orb.
     0 | D:1      | Reached XP level 1. HP: 18/18 MP: 1/1
   207 | D:1      | Reached XP level 2. HP: 24/24 MP: 2/2
   447 | D:1      | Found a faded altar of an unknown god.
   756 | D:1      | Reached XP level 3. HP: 29/29 MP: 3/3
  1467 | D:2      | Reached XP level 4. HP: 30/35 MP: 4/4
  1522 | D:2      | Noticed Terence
  1551 | D:2      | Killed Terence
  1626 | D:2      | Reached skill level 4 in Armour
  1634 | D:2      | Reached XP level 5. HP: 36/41 MP: 5/5
  2341 | D:3      | Noticed Sigmund
  3264 | D:3      | Killed Sigmund
  3265 | D:3      | Reached skill level 1 in Short Blades
  3265 | D:3      | Reached skill level 1 in Hexes
  3265 | D:3      | Reached skill level 1 in Ice Magic
  3265 | D:3      | Reached XP level 6. HP: 34/47 MP: 5/7
  3531 | D:3      | Killed from afar by an orc priest

Illustrated notes

Levels and vault maps discovered:
D:1:      lightli_arrival_statue_moat, layout_loops_corners,
          hellmonk_ecumenical_altar_pennies_from_heaven
D:2:      layout_loops_corners, serial_rivers, chequers_serial_rivers_micro_e,
          chequers_serial_rivers_marsh, chequers_serial_rivers_large_a,
          chequers_serial_rivers_micro_e, chequers_serial_rivers_large_b,
          grunt_ministairs_14, serial_bayou_pond_c, minmay_worlds_worst_comb,
          uniq_terence
D:3:      layout_basic, eino_curves_04, lexackson_kobold_supper, uniq_sigmund

Skill      XL: |  1  2  3  4  5 |
---------------+----------------+-----
Unarmed Combat | 3 |  3.6
Armour         | 4 |  4.4
Short Blades   | 1 |  1.0
Hexes          | 1 |  1.5
Ice Magic      | 1 |  1.2
Fighting       | |  3.4
Dodging        | |  0.9
Shields        | |  3.6
Spellcasting   | |  0.9
Evocations     | |  0.9

Action                     |  1- 3 |  4- 6 || total
---------------------------+-------+-------++-------
  Melee: Unarmed           |   132 |   105 ||   237
         Dagger            |       |    52 ||    52
    Use: Potion            |       |     2 ||     2
 Armour: Scale mail        |    72 |    52 ||   124
         Chain mail        |       |    57 ||    57
  Dodge: Dodged            |    42 |    68 ||   110
  Block: Buckler           |    26 |    35 ||    61

Table legend: (Time is in decaauts)
 A = Elapsed time spent in this place.
 B = Non-inter-level travel time spent in this place.
 C = Inter-level travel time spent in this place.
 D = Time resting spent in this place.
 E = Time spent auto-exploring this place.
 F = Levels seen in this place.
 G = Mean time per level.
                   A        B        C        D        E       F      G
               +--------+--------+--------+--------+--------+-----+--------+
         Total |   3590 |   3458 |    132 |   1067 |   1737 |   3 | 1196.7 |
       Dungeon |   3590 |   3458 |    132 |   1067 |   1737 |   3 | 1196.7 |
               +--------+--------+--------+--------+--------+-----+--------+

Top non-repeatable levels by time:
     D:2: 2137 daAuts
     D:1: 1123 daAuts
     D:3: 329 daAuts
